 Dungeon Crawl Stone Soup version 0.29.1-15-g9cfb28693d (webtiles) character file.

Game seed: 7103688366935247705

12698 bigiheh the Destroyer (level 11, -9/66 HPs)
             Began as a Grey Draconian Conjurer on Mar 6, 2023.
             Was a Priest of Sif Muna.
             Mangled by a yak (12 damage)
             ... on level 11 of the Dungeon.
             The game lasted 01:06:48 (14858 turns).

bigiheh the Destroyer (Grey Draconian Conjurer)    Turns: 14858, Time: 01:06:49

Health: -9/66      AC: 15    Str: 10    XL:     11   Next: 65%
Magic:  6/27       EV: 12    Int: 23    God:    Sif Muna [***...]
Gold:   637        SH:  0    Dex:  9    Spells: 25/34 levels left

rFire   . . .      SeeInvis .   i - staff of conjuration
rCold   . . .      Faith    .   (no shield)
rNeg    . . .      Spirit   .   (body armour unavailable)
rPois   +          Reflect  .   (helmet restricted)
rElec   .          Harm     .   r - +0 cloak {rPois}
rCorr   +          Rampage  .   (no gloves)
Will    .....                   d - +1 pair of boots
Stlth   ++........              (no amulet)
HPRegen 0.21/turn               z - ring of wizardry
MPRegen 0.20/turn               f - ring of resist corrosion

@: studying Long Blades
A: AC +12, amphibious, unfitting armour, cold-blooded, antennae 1, frail 1,
evolution 1
a: Renounce Religion, Channel Magic, Forget Spell


You were on level 11 of the Dungeon.
You worshipped Sif Muna.
Sif Muna was most pleased with you.
You visited 2 branches of the dungeon, and saw 12 of its levels.

You collected 781 gold pieces.
You spent 144 gold pieces at shops.

Inventory:

Hand Weapons
 p - the +0 short sword of the Protecting Goat {elec, rF+ rCorr Dex+3}
   (You bought it in a shop on level 5 of the Dungeon)

   It occasionally discharges a powerful burst of electricity upon striking a
   foe.
   Dex:       It affects your dexterity (+3).
   rF:        It protects you from fire.
   rCorr:     It protects you from acid and corrosion.
Armour
 d - a +1 pair of boots (worn)
 r - a +0 cloak of poison resistance (worn)
Magical Staves
 i - a staff of conjuration (weapon)
 n - a staff of poison
Jewellery
 f - a ring of resist corrosion (right hand)
 u - an amulet of faith
 y - a ring of flight
 z - a ring of wizardry (left hand)
Wands
 w - a wand of flame (9)
Scrolls
 e - a scroll of silence
 g - a scroll of teleportation
 h - a scroll of magic mapping
 j - 3 scrolls of noise
 k - 2 scrolls of blinking
 l - 3 scrolls of enchant armour
 o - a scroll of torment
 q - 13 scrolls of identify
 C - a scroll of enchant weapon
Potions
 a - a potion of magic
 b - 3 potions of brilliance
 c - 2 potions of might
 m - 3 potions of curing
 t - a potion of ambrosia
 v - a potion of invisibility {unknown}
 x - a potion of resistance {unknown}
 A - a potion of berserk rage {unknown}
 B - a potion of heal wounds {unknown}
Miscellaneous
 s - a piece from Xom's chessboard (15/15)


   Skills:
 - Level 1.7 Dodging
 - Level 1.7 Stealth
 + Level 12.4 Spellcasting
 + Level 13.8 Conjurations


You had 25 spell levels left.
You knew the following spells:

 Your Spells              Type           Power      Damage    Failure   Level
a - Magic Dart            Conj           100%       1d8       0%          1
b - Searing Ray           Conj           100%       2d8       0%          2
c - Swiftness             Air            14%        N/A       5%          3
d - Mephitic Cloud        Conj/Pois/Air  52%        N/A       1%          3

Your spell library contained the following spells:

 Spells                   Type           Power      Damage    Failure   Level
 Dazzling Flash           Conj/Hex       100%       N/A       1%          3
 Fulminant Prism          Conj/Hex       31%        3d16      1%          4
 Iskenderun's Mystic Bla  Conj/Tloc      62%        2d13      1%          4
 Call Imp                 Summ           14%        N/A       2%          2
 Ensorcelled Hibernation  Hex/Ice        28%        N/A       2%          2
 Passwall                 Tmut/Erth      11%        N/A       2%          2


Dungeon Overview and Level Annotations

Branches:
Dungeon (11/15)            Temple (1/1) D:5            Lair (0/5) D:9
    Orc: D:9-12

Altars:
Ashenzari
Cheibriados
Dithmenos
Elyvilon
Fedhas
Gozag
Hepliaklqana
Kikubaaqudgha
Makhleb
Nemelex Xobeh
Okawaru
Qazlal
Ru
Sif Muna
Trog
Uskayaw
Vehumet
Wu Jian
Xom
Yredelemnul
Zin
The Shining One

Shops:
D:3 (   D:5 =(:*   D:8 [=   D:10 *

Annotations:
D:1 1 transporter


Innate Abilities, Weirdness & Mutations

Your dull iron-grey scales are very hard. (AC +12)
You are amphibious.
You cannot fit into any form of body armour.
You are cold-blooded and may be slowed by cold attacks.
You have a pair of small antennae on your head.
You are frail. (-10% HP)
You have hidden genetic potential.


Message History

You feel a surge of power!
The searing ray hits the troll!
The troll is moderately wounded. (Press . to maintain the ray.)
The yak gores you.
The searing ray misses the troll.
The troll bites you. The troll claws you! The troll closely misses you.
The yak gores you.
The searing ray hits the troll!
The troll is severely wounded.
The troll bites you but does no damage. The troll barely misses you.
The troll claws you but does no damage.
The searing ray hits the troll.
The troll is severely wounded.
You finish channelling your searing ray.
The yak seems less confused.
The troll barely misses you. The troll claws you but does no damage.
The troll claws you. The yak gores you but does no damage. The troll bites you.
The troll claws you but does no damage. The troll barely misses you.
The yak gores you but does no damage.
Casting: Searing Ray (safe; 0% risk of failure)
Confirm with . or Enter, or press ? or * to list all spells.
Aiming: Searing Ray (safe; 0% risk of failure)
Press: ? - help, Shift-Dir - straight line, f/p - troll
Aim: a troll (heavily wounded, 83% to hit)
You feel a surge of power!
The searing ray hits the troll.
The troll is severely wounded. (Press . to maintain the ray.)
The troll closely misses you. The troll claws you! The troll barely misses you.
The yak misses you.
The searing ray hits the troll!
The troll is almost dead.
The troll bites you.
The troll closely misses you. x2; The yak gores you!
* * * LOW HITPOINT WARNING * * *
The searing ray hits the troll!
You kill the troll!
Sif Muna accepts your kill. The yak gores you!
* * * LOW HITPOINT WARNING * * *
You finish channelling your searing ray.
The yak gores you!
You die...

###############################
.......^.....†@................
..###......Y†....###.###.###.
#..#####.###.# #.# #.# #..# #.#
#.# #.# #.# . #..# #.# #.# #.#
#.# #. #..# #.# #.# #.# #.# #.
#..# #.# #.# #.# #.# #. #..#
#.# #.# #.# #.# #. #..# #.#
#.###.


You could see a yak.

Vanquished Creatures
  Erica (D:9)
  A two-headed ogre (D:9)
  Amaemon (D:8)
  A gargoyle (D:10)
  An orange demon (D:8)
  Psyche (D:9)
  2 komodo dragons (D:9)
  2 trolls
  A vampire (D:10)
  Sigmund (D:3)
  30 yaks
  2 wyverns (D:9)
  Eustachio (D:6)
  A basilisk (D:9)
  2 steam dragons
  An acid dragon (D:10)
  Menkaure (D:6)
  A water moccasin (D:9)
  Edmund (D:4)
  A swamp drake (D:9)
  A sky beast (D:7)
  A black bear (D:6)
  An ogre (D:6)
  3 centaurs
  3 kobold brigands
  A phantom (D:5)
  6 bullfrogs
  Blork the orc (D:6)
  A necrophage (D:4)
  5 scorpions
  4 wights (D:8)
  7 killer bees
  5 howler monkeys
  Crazy Yiuf (D:5)
  2 hounds
  4 orc priests
  Terence (D:3)
  2 gnoll boudas
  Natasha (thrice) (D:2)
  5 iguanas
  9 orc wizards
  Robin (D:3)
  10 gnolls
  5 adders
  2 shadow imps (D:6)
  3 white imps
  An ufetubus (D:6)
  A worm (D:2)
  4 dart slugs
  25 orcs
  2 bats
  2 endoplasms
  2 giant cockroaches
  12 goblins
  8 hobgoblins
  19 kobolds
  4 quokkas
  4 ball pythons
  2 frilled lizards (D:1)
  6 rats
232 creatures vanquished.

Vanquished Creatures (others)
  A gnoll bouda (D:5)
  An orc (D:9)
  2 fungi (D:5)
  10 plants
14 creatures vanquished.

Grand Total: 246 creatures vanquished

Notes
Turn   | Place    | Note
-------+----------+-------------------------------------------
     0 | D:1      | bigiheh the Draconian Conjurer began the quest for the Orb.
     0 | D:1      | Reached XP level 1. HP: 14/14 MP: 3/3
   367 | D:1      | Reached XP level 2. HP: 20/20 MP: 3/5
   727 | D:1      | Learned a level 2 spell: Searing Ray
   822 | D:1      | Gained mutation: You passively map a small area around you.
                  | [potion of mutation]
   822 | D:1      | Lost mutation: You passively map a small area around you.
                  | [potion of mutation]
   822 | D:1      | Gained mutation: You are strong-willed. (Will+) [potion of
                  | mutation]
   823 | D:1      | Lost mutation: You are strong-willed. (Will+) [potion of
                  | mutation]
   823 | D:1      | Gained mutation: You occasionally lose the ability to read
                  | scrolls when taking damage. [potion of mutation]
   823 | D:1      | Gained mutation: Your tail ends in a venomous barb. [potion
                  | of mutation]
  1310 | D:2      | Noticed Natasha
  1314 | D:2      | Reached XP level 3. HP: 24/26 MP: 4/7
  1315 | D:2      | Killed Natasha
  1668 | D:2      | Noticed Natasha
  1675 | D:2      | Killed Natasha
  1676 | D:2      | Reached XP level 4. HP: 25/33 MP: 0/8
  1808 | D:2      | Noticed Natasha
  1814 | D:2      | Killed Natasha
  1815 | D:2      | Reached skill level 5 in Conjurations
  2373 | D:3      | Noticed Robin
  2380 | D:3      | Killed Robin
  2381 | D:3      | Reached XP level 5. HP: 36/38 MP: 0/10
  2501 | D:3      | Found Naecail's Weapon Emporium.
  2771 | D:3      | Found a faded altar of an unknown god.
  2917 | D:3      | Noticed Terence
  2934 | D:3      | Killed Terence
  3091 | D:3      | Found a hazy altar of Hepliaklqana.
  3092 | D:3      | Found a basalt altar of Yredelemnul.
  3275 | D:3      | Noticed Sigmund
  3288 | D:3      | Killed Sigmund
  3289 | D:3      | Reached skill level 6 in Conjurations
  3289 | D:3      | Reached XP level 6. HP: 45/45 MP: 1/12
  3727 | D:4      | Noticed Edmund
  3851 | D:4      | Killed Edmund
  3852 | D:4      | Reached skill level 5 in Spellcasting
  3852 | D:4      | Your scales start taking on a dull iron-grey colour.
  3852 | D:4      | Reached XP level 7. HP: 42/50 MP: 4/14
  4467 | D:5      | Entered Level 5 of the Dungeon
  4508 | D:5      | Reached skill level 7 in Conjurations
  4743 | D:5      | Found a staircase to the Ecumenical Temple.
  4750 | Temple   | Entered the Ecumenical Temple
  4780 | Temple   | Became a worshipper of Sif Muna the Loreminder
  5084 | D:5      | Noticed a yak
  5100 | D:5      | Killed a yak
  5101 | D:5      | Reached XP level 8. HP: 57/57 MP: 8/17
  5223 | D:5      | Found Qan Cef's Jewellery Boutique.
  5252 | D:5      | Reached skill level 8 in Conjurations
  5303 | D:5      | Found Zine's Book Shoppe.
  5591 | D:5      | Found Souphoah's Antique Weapon Boutique.
  5749 | D:5      | Found Kohuimp's Assorted Antiques.
  5762 | D:5      | Bought a pitted short sword for 144 gold pieces
  5762 | D:5      | Identified the +0 short sword of the Protecting Goat {elec,
                  | rF+ rCorr Dex+3} (You bought it in a shop on level 5 of the
                  | Dungeon)
  5958 | D:5      | Found a runed translucent door.
  5959 | D:5      | Noticed Crazy Yiuf
  6152 | D:5      | Killed Crazy Yiuf
  6294 | D:6      | Noticed Menkaure
  6297 | D:6      | Killed Menkaure
  6311 | D:6      | Reached skill level 9 in Conjurations
  6313 | D:6      | Reached * piety under Sif Muna
  6358 | D:6      | Lost mutation: You occasionally lose the ability to read
                  | scrolls when taking damage. [potion of mutation]
  6358 | D:6      | Lost mutation: Your tail ends in a venomous barb. [potion
                  | of mutation]
  6358 | D:6      | Gained mutation: You occasionally lose the ability to drink
                  | potions when taking damage. [potion of mutation]
  6358 | D:6      | Gained mutation: Your tail ends in a venomous barb. [potion
                  | of mutation]
  6714 | D:6      | Reached XP level 9. HP: 62/62 MP: 16/20
  6949 | D:6      | Noticed Eustachio
  6959 | D:6      | Killed Eustachio
  7416 | D:6      | Noticed Blork the orc
  7421 | D:6      | Killed Blork the orc
  7607 | D:7      | Reached skill level 10 in Conjurations
  8578 | D:8      | Found Suoph's Armour Shop.
  8597 | D:8      | Noticed Amaemon
  8885 | D:8      | Noticed an orange demon
  8937 | D:8      | Reached ** piety under Sif Muna
  9197 | D:8      | Reached skill level 11 in Conjurations
  9364 | D:8      | Learned a level 3 spell: Swiftness
  9489 | D:8      | Killed an orange demon
  9490 | D:8      | Reached XP level 10. HP: 32/69 MP: 11/23
  9494 | D:8      | Killed Amaemon
  9495 | D:8      | Reached skill level 10 in Spellcasting
  9882 | D:8      | Found Ipavofrin's Jewellery Shoppe.
 10748 | D:9      | Noticed Erica
 10759 | D:9      | Killed Erica
 10760 | D:9      | Reached skill level 12 in Conjurations
 11100 | D:9      | Reached *** piety under Sif Muna
 11105 | D:9      | Learned a level 3 spell: Mephitic Cloud
 11361 | D:9      | Reached XP level 11. HP: 74/74 MP: 19/26
 11402 | D:9      | Noticed a two-headed ogre
 11974 | D:9      | Killed a two-headed ogre
 12046 | D:9      | Noticed Psyche
 12061 | D:9      | Killed Psyche
 12069 | D:9      | Reached skill level 13 in Conjurations
 12257 | D:9      | Identified the +1 leather armour "Xeikhax" {rPois rC+
                  | Dex-3}
 12374 | D:9      | Found a staircase to the Lair.
 12446 | D:10     | Entered Level 10 of the Dungeon
 12754 | D:10     | Lost mutation: Your tail ends in a venomous barb. [potion
                  | of mutation]
 12754 | D:10     | Lost mutation: You occasionally lose the ability to drink
                  | potions when taking damage. [potion of mutation]
 12754 | D:10     | Gained mutation: You have a pair of small antennae on your
                  | head. [potion of mutation]
 12754 | D:10     | Gained mutation: You are frail. (-10% HP) [potion of
                  | mutation]
 12754 | D:10     | Gained mutation: You have hidden genetic potential. [potion
                  | of mutation]
 13877 | D:10     | Found Deciff's General Store.
 14614 | D:11     | Noticed a boulder beetle
 14857 | D:11     | HP: 3/66 [yak (12)]
 14858 | D:11     | Mangled by a yak

Illustrated notes

Levels and vault maps discovered:
D:1:      spicycebolla_arrival_risky_transporter, layout_basic
D:2:      layout_loops_ring, grunt_ministairs_8, kennysheep_small_spiral,
          uniq_natasha
D:3:      layout_loops_ring, jmf_multi_god_temple,
          chequers_ecumenical_altar_simple_redux, serial_shops,
          nicolae_shop_bloodbath_and_beyond, uniq_robin, uniq_sigmund,
          uniq_terence
D:4:      layout_cave_pools, uniq_edmund
D:5:      layout_basic, minmay_temple_entry_butterflies, serial_shops,
          shop_fountains, shop_coins, nicolae_square_shop,
          nicolae_shop_overgrown_old_shop, minmay_manual_mail,
          uniq_crazy_yiuf_cottage
D:6:      layout_basic, uniq_eustachio, uniq_menkaure, uniq_blork_the_orc
D:7:      layout_loops_corners, serial_bayou_pond_c, minmay_liquid_box
D:8:      layout_loops_corners, serial_shops, kennysheep_mini_moat,
          nicolae_shop_stone, minmay_misc_feat_pillars, uniq_amaemon
D:9:      layout_rooms, erik_lair_dragon, eino_small_chamber_without_monster,
          uniq_erica, uniq_psyche
D:10:     layout_layer_cave, serial_shops, kennysheep_mini
D:11:     layout_long_grid, evilmike_minifort
Temple:   nicolae_temple_slightly_damp_pantheon

Skill      XL: |  1  2  3  4  5  6  7  8  9 10 11 |
---------------+----------------------------------+-----
Spellcasting   | 3 4 5 6 7 9 11 12 | 12.4
Conjurations   | 5 6 7 9 11 12 13 | 13.8
Dodging        | |  1.7
Stealth        | |  1.7

Action                   |  1- 3 |  4- 6 |  7- 9 | 10-12 || total
-------------------------+-------+-------+-------+-------++-------
Melee: Staff             |     1 |     4 |     5 |     3 ||    13
       Tailslap          |       |     2 |       |       ||     2
 Cast: Magic Dart        |    42 |    32 |    31 |     4 ||   109
       Searing Ray       |     1 |    24 |    84 |    78 ||   187
       Swiftness         |       |       |     1 |     1 ||     2
       Mephitic Cloud    |       |       |       |    13 ||    13
Evoke: Wand              |       |     8 |     3 |     9 ||    20
  Use: Potion            |     5 |     3 |     5 |     3 ||    16
       Scroll            |     4 |     3 |     6 |     1 ||    14
Armor: Skin              |     3 |     7 |    53 |   102 ||   165
Dodge: Dodged            |     2 |    18 |    74 |   120 ||   214
